 Dungeon Crawl Stone Soup version 0.29-a0-233-g1125b37a9b (webtiles) character file.

Game seed: 9908540929548661557

677 kae the Ruffian (level 7, -3/68 HPs)
             Began as a Red Draconian Transmuter on Mar 1, 2022.
             Slain by a troll (14 damage)
             ... on level 6 of the Dungeon.
             The game lasted 00:04:04 (5891 turns).

kae the Ruffian (Red Draconian Transmuter)          Turns: 5891, Time: 00:04:05

Health: -3/68      AC:  6    Str: 18    XL:     7   Next: 33%
Magic:  1/11       EV: 10    Int: 16    God:
Gold:   106        SH:  0    Dex: 11    Spells: 4/12 levels left

rFire   x . .      SeeInvis .     - Unarmed
rCold   + + +      Faith    .   (shield currently unavailable)
rNeg    . . .      Spirit   .   (body armour unavailable)
rPois   +          Reflect  .   (helmet currently unavailable)
rElec   .          Harm     .   (cloak currently unavailable)
rCorr   .          Rampage  .   (gloves currently unavailable)
Will    .....                   (boots currently unavailable)
Stlth   +.........              (no amulet)
HPRegen 0.21/turn               a - ring of flight
MPRegen 0.12/turn               l - +6 ring of strength

@: ice-form, flying
A: freezing attack, amphibious, boosted hp, (breathe fire), AC +6, large,
unfitting armour, (fire resistance 1), (cold-blooded)
a: End Transformation


You were on level 6 of the Dungeon.
You were a creature of crystalline ice.
You visited 1 branch of the dungeon, and saw 6 of its levels.

You collected 176 gold pieces.
You spent 70 gold pieces at shops.

Inventory:

Jewellery
 a - a ring of flight (left front paw)
 l - a +6 ring of strength (right front paw)
Scrolls
 f - 3 scrolls of teleportation
 j - 2 scrolls of fear
Potions
 b - a potion of haste
 c - a potion of mutation
 d - 4 potions of curing
 e - a potion of berserk rage
 g - a potion of brilliance
 h - a potion of might
 i - a potion of attraction {unknown}
 k - a potion of heal wounds
 m - a potion of lignification {unknown}
 n - a potion of invisibility {unknown}


   Skills:
 + Level 3.1 Fighting
 + Level 3.0 Dodging
 * Level 4.9 Unarmed Combat
 + Level 3.2 Spellcasting
 * Level 4.3 Transmutations
 * Level 1.2 Ice Magic
 - Level 2.0 Poison Magic


You had 4 spell levels left.
You knew the following spells:

 Your Spells              Type           Power      Damage    Failure   Level
a - Beastly Appendage     Tmut           32%        N/A       3%          1
b - Spider Form           Tmut/Pois      12%        N/A       14%         3
c - Ice Form              Ice/Tmut       11%        N/A       50%         4

Your spell library contained the following spells:

 Spells                   Type           Power      Damage    Failure   Level
 Wereblood                Tmut           16%        N/A       4%          2
 Animate Skeleton         Necr           4%         N/A       19%         1
 Pain                     Necr           8%         1d4       19%         1
 Sublimation of Blood     Necr           2%         N/A       28%         2
 Portal Projectile        Hex/Tloc       4%         N/A       50%         3
 Vampiric Draining        Necr           2%         2d6       50%         3
 Blade Hands              Tmut           8%         N/A       63%         5
 Excruciating Wounds      Necr           1%         N/A       99%         5
 Summon Hydra             Summ           1%         N/A       100%        7


Dungeon Overview and Level Annotations

Branches:
Dungeon (6/15)
 Temple: D:4-7

Altars:

Shops:
D:2 !:   D:4 !


Innate Abilities, Weirdness & Mutations

You are a creature of crystalline ice.
You have a powerful freezing melee attack.
You are amphibious.
Your maximum health is increased.
Your armour is entirely melded.
You are incapable of wielding weapons or throwing items.
((You can breathe blasts of fire.))
((Your fiery red scales are hard. (AC +6)))
You cannot fit into any form of body armour.
((Your flesh is heat resistant. (rF+)))
((You are cold-blooded and may be slowed by cold attacks.))


Message History

Casting: Spider Form (dangerous; 14% risk of failure)
Confirm with . or Enter, or press ? or * to list all spells.
The spell is quite dangerous to miscast (50% risk of failure)!
Continue anyway? [Y]es or [N]o only, please.
The spell is quite dangerous to miscast (50% risk of failure)!
Continue anyway?
You miscast Ice Form.
You are very lightly contaminated with residual magic.
Nothing appears to happen.
Casting: Ice Form (quite dangerous; 50% risk of failure)
Confirm with . or Enter, or press ? or * to list all spells.
The spell is quite dangerous to miscast (50% risk of failure)!
Continue anyway? [Y]es or [N]o only, please.
The spell is quite dangerous to miscast (50% risk of failure)!
Continue anyway?
You miscast Ice Form.
Nothing appears to happen.
Casting: Ice Form (quite dangerous; 50% risk of failure)
Confirm with . or Enter, or press ? or * to list all spells.
You don't have enough magic to cast this spell.
A troll is nearby!
Casting: Ice Form (quite dangerous; 50% risk of failure)
Confirm with . or Enter, or press ? or * to list all spells.
The spell is quite dangerous to miscast (50% risk of failure)!
Continue anyway? [Y]es or [N]o only, please.
The spell is quite dangerous to miscast (50% risk of failure)!
Continue anyway?
You turn into a creature of crystalline ice.
The troll bites you! The troll barely misses you.
The troll claws you but does no damage.
You hit the troll but do no damage. The troll bites you!
The troll claws you but does no damage. The troll claws you!
Your magical contamination has completely faded away.
You barely miss the troll. The troll misses you. The troll closely misses you.
The troll claws you but does no damage.
You punch the troll! You freeze the troll.
The troll is heavily wounded.
The troll bites you! The troll claws you but does no damage.
The troll claws you!
* * * LOW HITPOINT WARNING * * *
You barely miss the troll.
The troll is moderately wounded.
The troll bites you!
You die...

..# ..+ ..#######
########### .......T.
..........# .........
........#.#
#.################.#.#
# .........T.T..#
#.#.# #
..###########.####.#.#
.# # ### #..TY..#.#
.#.#
########.########.#.#
#...............#.#
###..#..........#.#
##.#..........#.#
#............#.#
##...........#.#
#....###....#.# #....#
#....#.#


You could see a troll.

Vanquished Creatures
  4 scorpions
  3 orc priests
  3 iguanas
  Natasha (thrice) (D:3)
  An orc wizard (D:4)
  Robin (D:3)
  3 gnolls (D:4)
  4 adders
  A shadow imp (D:5)
  A white imp (D:5)
  3 dart slugs (D:1)
  7 orcs
  3 bats
  7 endoplasms
  2 giant cockroaches
  13 goblins
  9 hobgoblins
  4 jackals (D:4)
  5 kobolds
  8 quokkas
  5 ball pythons
  2 frilled lizards
  3 rats
95 creatures vanquished.

Vanquished Creatures (others)
  A fungus (D:1)
1 creature vanquished.

Grand Total: 96 creatures vanquished

Notes
Turn   | Place    | Note
-------+----------+-------------------------------------------
     0 | D:1      | kae the Draconian Transmuter began the quest for the Orb.
     0 | D:1      | Reached XP level 1. HP: 16/16 MP: 3/3
   239 | D:1      | Reached XP level 2. HP: 23/23 MP: 3/5
   599 | D:1      | Found a faded altar of an unknown god.
   727 | D:2      | Found Xuaxeqoti's Distillery.
   957 | D:2      | Reached XP level 3. HP: 27/28 MP: 4/6
   961 | D:2      | Learned a level 3 spell: Spider Form
  1406 | D:2      | Found Ofigg's Book Boutique.
  2012 | D:3      | Reached skill level 1 in Poison Magic
  2021 | D:3      | Reached XP level 4. HP: 32/36 MP: 1/7
  2099 | D:3      | Noticed Natasha
  2107 | D:3      | Killed Natasha
  2120 | D:3      | Noticed Natasha
  2130 | D:3      | Killed Natasha
  2144 | D:3      | Noticed Natasha
  2286 | D:3      | Killed Natasha
  2287 | D:3      | Reached XP level 5. HP: 17/41 MP: 5/8
  2780 | D:3      | Noticed Robin
  2800 | D:3      | Killed Robin
  3203 | D:4      | Found Vepui's Distillery.
  3211 | D:4      | Bought a potion of heal wounds for 70 gold pieces
  3468 | D:4      | Reached XP level 6. HP: 50/50 MP: 6/10
  3653 | D:4      | Learned a level 4 spell: Ice Form
  4532 | D:5      | Entered Level 5 of the Dungeon
  4891 | D:5      | Your scales start taking on a fiery red colour.
  4891 | D:5      | Reached XP level 7. HP: 46/56 MP: 6/11
  4891 | D:5      | Gained mutation: Your flesh is heat resistant. (rF+) [Red
                  | Draconian growth]
  5288 | D:5      | Reached skill level 1 in Ice Magic
  5865 | D:6      | Noticed a troll
  5891 | D:6      | Slain by a troll

Illustrated notes

Levels and vault maps discovered:
D:1:      lemuel_arrival_rhombus, layout_rooms,
          shapermc_ecumenical_altar_hornbeckon, kennysheep_minor_cross
D:2:      layout_basic, serial_shops, nicolae_shop_stone, shop,
          hangedman_decor_push
D:3:      layout_rooms, uniq_robin, uniq_natasha
D:4:      layout_gridville, serial_shops, nicolae_shop_hallway_stairs,
          hangedman_decor_slide_cut, minmay_cupped
D:5:      layout_loops_ring
D:6:      wander_guarded_unrand_ratskin, layout_basic,
          cheibrodos_ashenzari_chains

Skill      XL: |  1  2  3  4  5  6  7 |
---------------+----------------------+-----
Dodging        | 2 3 |  3.0
Poison Magic   | 1 2 |  2.0
Transmutations | 3 4 |  4.3
Fighting       | 2 3 |  3.1
Unarmed Combat | 4 |  4.9
Spellcasting   | 3 |  3.2
Ice Magic      | 1 |  1.2

Action                   |  1- 3 |  4- 6 |  7- 9 || total
-------------------------+-------+-------+-------++-------
Melee: Unarmed           |    91 |   180 |    30 ||   301
       Tailslap          |    10 |    14 |     1 ||    25
       Kick              |    10 |    19 |       ||    29
       Headbutt          |     6 |    10 |       ||    16
       Punch             |     2 |     2 |       ||     4
 Cast: Beastly Appendage |    19 |    18 |       ||    37
       Spider Form       |     1 |     9 |     4 ||    14
       Ice Form          |       |       |     1 ||     1
  Use: Scroll            |     8 |     4 |     1 ||    13
 Stab: Sleeping          |     1 |       |       ||     1
Armor: Skin              |    22 |    31 |     4 ||    57
Dodge: Dodged            |    69 |   127 |    21 ||   217

Table legend: (Time is in decaauts)
 A = Elapsed time spent in this place.
 B = Non-inter-level travel time spent in this place.
 C = Inter-level travel time spent in this place.
 D = Time resting spent in this place.
 E = Time spent auto-exploring this place.
 F = Levels seen in this place.
 G = Mean time per level.
                   A        B        C        D        E       F      G
               +--------+--------+--------+--------+--------+-----+--------+
         Total |   5879 |   5729 |    150 |    354 |   4619 |   6 |  979.8 |
       Dungeon |   5879 |   5729 |    150 |    354 |   4619 |   6 |  979.8 |
               +--------+--------+--------+--------+--------+-----+--------+

Top non-repeatable levels by time:
     D:4: 1452 daAuts
     D:2: 1397 daAuts
     D:5: 1200 daAuts
     D:3: 954 daAuts
     D:1: 723 daAuts
     D:6: 152 daAuts
